 Dungeon Crawl Stone Soup version 0.22-a0-410-g97be04f (webtiles) character file.

812 galech the Protected (level 7, -7/51 HPs)
             Began as a Gnoll Wanderer on May 11, 2018.
             Was a Follower of Okawaru.
             Mangled by a soldier ant (10 damage)
             ... on level 6 of the Dungeon.
             The game lasted 00:08:02 (4144 turns).

galech the Protected (Gnoll Wanderer)               Turns: 4144, Time: 00:08:02

Health: -7/51      AC:  4    Str: 15    XL:     7   Next: 93%
Magic:  11/11      EV: 13    Int: 12    God:    Okawaru [*.....]
Gold:   206        SH:  0    Dex: 18    Spells: 11/11 levels left

rFire    . . .     SeeInvis .   t - +2 hunting sling (freeze)
rCold    . . .     Gourm    .   (no shield)
rNeg     . . .     Faith    .   v - +0 robe (curse)
rPois    +         Spirit   .   p - +0 helmet
rElec    .         Reflect  .   (no cloak)
rCorr    .         Harm     .   (no gloves)
MR       +....                  (no boots)
Stlth    +++.......             (no amulet)
HPRegen  0.17/turn              u - ring of poison resistance
MPRegen  0.12/turn              q - ring of protection from magic

@: no status effects
A: distributed training, fangs 1, strong nose
a: Heroism, Renounce Religion


You were on level 6 of the Dungeon.
You worshipped Okawaru.
Okawaru was aware of your devotion.
You were not hungry.

You visited 1 branch of the dungeon, and saw 6 of its levels.

You collected 206 gold pieces.

Inventory:

Hand Weapons
 b - a +2 blowgun
 d - a +0 shortbow
 t - a +2 hunting sling of freezing (weapon)
 A - a +2 mace of protection
Missiles
 a - 3 curare-tipped needles
 e - 55 arrows
 k - 28 sling bullets (quivered)
 l - 38 stones
 y - 33 poisoned needles
Armour
 c - a +0 ring mail
 p - a +0 helmet (worn)
 v - a cursed +0 robe (worn)
Jewellery
 m - an uncursed ring of resist corrosion
 q - a ring of protection from magic (right hand)
 u - a ring of poison resistance (left hand)
 z - an uncursed ring of flight
Scrolls
 h - 2 scrolls of remove curse {unknown}
 i - a scroll of teleportation
 j - 2 scrolls of random uselessness {unknown}
 o - 3 scrolls of enchant weapon
 w - 2 scrolls of immolation
 B - a scroll of identify
Potions
 g - 3 potions of curing {unknown}
 n - a potion of heal wounds {unknown}
 r - a potion of invisibility {unknown}
 s - a potion of flight {unknown}
 x - a potion of lignification {unknown}
Comestibles
 f - 7 rations


   Skills:
 + Level 2.7 Fighting
 + Level 2.7 Short Blades
 + Level 2.7 Long Blades
 + Level 5.4 Axes
 + Level 2.7 Maces & Flails
 + Level 2.7 Polearms
 + Level 2.7 Staves
 + Level 2.7 Slings
 + Level 5.4 Bows
 + Level 2.7 Crossbows
 + Level 3.8 Throwing
 + Level 9.0 Armour
 + Level 2.7 Dodging
 + Level 3.6 Stealth
 + Level 2.7 Shields
 + Level 2.7 Unarmed Combat
 + Level 2.7 Spellcasting
 + Level 2.2 Conjurations
 + Level 2.2 Hexes
 + Level 2.2 Charms
 + Level 2.2 Summonings
 + Level 2.2 Necromancy
 + Level 2.2 Translocations
 + Level 2.2 Transmutations
 + Level 2.2 Fire Magic
 + Level 2.2 Ice Magic
 + Level 2.2 Air Magic
 + Level 2.2 Earth Magic
 + Level 2.2 Poison Magic
 + Level 3.0 Invocations
 + Level 2.7 Evocations


You had 11 spell levels left.
You didn't know any spells.

Dungeon Overview and Level Annotations

Branches:
Dungeon (6/15)             Temple (0/1) D:4

Altars:
Ashenzari
Gozag
Okawaru
Ru
Sif Muna


Innate Abilities, Weirdness & Mutations

Your experience applies equally to all skills.
You have very sharp teeth.
Your uncanny sense of smell can sniff out nearby items.


Message History

The sling bullet freezes the soldier ant.
The soldier ant is almost dead.
The soldier ant stings you!
* * * LOW HITPOINT WARNING * * *
The soldier ant closely misses you.
Firing (i - inventory. (/) - cycle)
k - 30 sling bullets (quivered)
Press: ? - help, Shift-Dir - straight line, f/p - soldier ant
Aim: a soldier ant (almost dead)
You shoot a sling bullet.
The sling bullet hits the soldier ant but does no damage.
The soldier ant is almost dead.
The soldier ant stings you!
* * * LOW HITPOINT WARNING * * *
Firing (i - inventory. (/) - cycle)
k - 29 sling bullets (quivered)
Press: ? - help, Shift-Dir - straight line, f/p - soldier ant
Aim: a soldier ant (almost dead)
You shoot a sling bullet.
The sling bullet closely misses the soldier ant.
The soldier ant stings you!
You die...

.#.#######
.......<.#
.#.####.########
................
.#..###.####.###
#..###.####.#
#....a......#
#...##@####.#
#.. #.####.# ...
#......# #.
######## . ∆


You could see a soldier ant.

Vanquished Creatures
  Eustachio (D:5)
  A centaur (D:5)
  2 scorpions (D:5)
  A howler monkey (D:4)
  A crimson imp (D:5)
  A bullfrog zombie (D:5)
  A hound (D:4)
  An orc wizard (D:4)
  An orc priest (D:4)
  A bullfrog skeleton (D:5)
  Jessica (D:3)
  2 worker ants (D:4)
  A howler monkey skeleton (D:5)
  10 adders
  A shadow imp (D:5)
  An ooze (D:4)
  2 worms (D:2)
  2 dart slugs
  5 leopard geckos
  5 orcs
  11 bats
  6 giant cockroaches
  6 goblins
  8 hobgoblins
  8 jackals
  2 frilled lizards
  6 kobolds
  A quokka zombie (D:5)
  2 rats (D:1)
91 creatures vanquished.

Notes
Turn   | Place    | Note
-------+----------+-------------------------------------------
     0 | D:1      | galech the Gnoll Wanderer began the quest for the Orb.
     0 | D:1      | galech set off with: 3 curare-tipped needles, a +2 blowgun, a +0 ring mail, a +0 shortbow, 28 arrows, a ration
     0 | D:1      | Reached XP level 1. HP: 13/13 MP: 1/1
   134 | D:1      | Reached XP level 2. HP: 19/19 MP: 2/2
   477 | D:1      | Reached XP level 3. HP: 25/25 MP: 3/3
   888 | D:2      | Reached skill level 1 in Invocations
   892 | D:2      | Reached skill level 1 in Fighting
   892 | D:2      | Reached skill level 1 in Short Blades
   892 | D:2      | Reached skill level 1 in Long Blades
   892 | D:2      | Reached skill level 1 in Maces & Flails
   892 | D:2      | Reached skill level 1 in Polearms
   892 | D:2      | Reached skill level 1 in Staves
   892 | D:2      | Reached skill level 1 in Slings
   892 | D:2      | Reached skill level 1 in Crossbows
   892 | D:2      | Reached skill level 1 in Dodging
   892 | D:2      | Reached skill level 1 in Shields
   892 | D:2      | Reached skill level 1 in Unarmed Combat
   892 | D:2      | Reached skill level 1 in Spellcasting
   892 | D:2      | Reached skill level 1 in Evocations
   969 | D:2      | Reached XP level 4. HP: 32/32 MP: 5/5
  1176 | D:2      | Found a sacrificial altar of Ru.
  1807 | D:3      | Noticed Jessica
  1810 | D:3      | Killed Jessica
  1810 | D:3      | Reached skill level 1 in Conjurations
  1810 | D:3      | Reached skill level 1 in Hexes
  1810 | D:3      | Reached skill level 1 in Charms
  1810 | D:3      | Reached skill level 1 in Summonings
  1810 | D:3      | Reached skill level 1 in Necromancy
  1810 | D:3      | Reached skill level 1 in Translocations
  1810 | D:3      | Reached skill level 1 in Transmutations
  1810 | D:3      | Reached skill level 1 in Fire Magic
  1810 | D:3      | Reached skill level 1 in Ice Magic
  1810 | D:3      | Reached skill level 1 in Air Magic
  1810 | D:3      | Reached skill level 1 in Earth Magic
  1810 | D:3      | Reached skill level 1 in Poison Magic
  1810 | D:3      | Reached XP level 5. HP: 37/37 MP: 6/6
  2185 | D:4      | Found an iron altar of Okawaru.
  2190 | D:4      | Became a worshipper of Warmaster Okawaru
  2252 | D:4      | Found a staircase to the Ecumenical Temple.
  2332 | D:4      | Found a deep blue altar of Sif Muna.
  2558 | D:4      | Found a shattered altar of Ashenzari.
  2726 | D:4      | Reached XP level 6. HP: 44/44 MP: 8/8
  3098 | D:4      | Reached skill level 5 in Axes
  3098 | D:4      | Reached skill level 5 in Bows
  3180 | D:5      | Entered Level 5 of the Dungeon
  3316 | D:5      | Reached * piety under Okawaru
  3316 | D:5      | Reached XP level 7. HP: 50/50 MP: 10/10
  3518 | D:5      | Noticed Eustachio
  3525 | D:5      | Killed Eustachio
  3525 | D:5      | Reached skill level 9 in Armour
  3554 | D:5      | Found an opulent altar of Gozag.
  4122 | D:6      | Noticed a soldier ant
  4144 | D:6      | Mangled by a soldier ant

Vault maps used:
D:1:      sevenhm_arrival_forest_fort_large_2, serial_bayou_pond_c
D:2:      nicolae_ru_the_path_less_chosen, first_ration
D:3:      minmay_crystal_room, kennysheep_generic_room_4, uniq_jessica
D:4:      evilmike_ruin_ashenzari, lemuel_doored_altar,
          minmay_temple_entry_butterflies, minivault_23, hex_intersection,
          okawaru_gym_becter
D:5:      nicolae_gozag_cash_rules_everything_around_me, uniq_eustachio
D:6:      st_stairs_4

Skill      XL: |  1  2  3  4  5  6  7 |
---------------+----------------------+-----
Invocations    | 1 2 3 |  3.0
Fighting       | 1 2 |  2.7
Short Blades   | 1 2 |  2.7
Long Blades    | 1 2 |  2.7
Maces & Flails | 1 2 |  2.7
Polearms       | 1 2 |  2.7
Staves         | 1 2 |  2.7
Slings         | 1 2 |  2.7
Crossbows      | 1 2 |  2.7
Dodging        | 1 2 |  2.7
Shields        | 1 2 |  2.7
Unarmed Combat | 1 2 |  2.7
Spellcasting   | 1 2 |  2.7
Evocations     | 1 2 |  2.7
Conjurations   | 1 2 |  2.2
Hexes          | 1 2 |  2.2
Charms         | 1 2 |  2.2
Summonings     | 1 2 |  2.2
Necromancy     | 1 2 |  2.2
Translocations | 1 2 |  2.2
Transmutations | 1 2 |  2.2
Fire Magic     | 1 2 |  2.2
Ice Magic      | 1 2 |  2.2
Air Magic      | 1 2 |  2.2
Earth Magic    | 1 2 |  2.2
Poison Magic   | 1 2 |  2.2
Throwing       | 3 |  3.8
Stealth        | 3 |  3.6
Axes           | 5 |  5.4
Bows           | 5 |  5.4
Armour         | 9 |  9.0

Action                   |  1- 3 |  4- 6 |  7- 9 || total
-------------------------+-------+-------+-------++-------
 Fire: Shortbow          |    86 |    70 |       ||   156
       Hunting sling     |       |    78 |    66 ||   144
  Use: Scroll            |       |     3 |       ||     3
  Eat: Chunk             |       |     7 |     3 ||    10
Armor: Ring mail         |     9 |    11 |       ||    20
       Robe              |       |     3 |     4 ||     7
Dodge: Dodged            |    14 |    23 |    18 ||    55

Table legend:
 A = Spawn XP
 B = Non-spawn XP
 C = Spawn XP percentage of total XP
 D = Spawn monster count
 E = Non-spawn monster count
 F = Spawn count percentage of total count
 G = Total turns spent on level
                    A         B        C        D         E        F      G
               +---------+---------+-------+---------+---------+-------+---------
         Total |       0 |    1161 |   0.0 |       0 |      91 |   0.0 |  4144
               +---------+---------+-------+---------+---------+-------+---------
           D:1 |       0 |      44 |   0.0 |       0 |      25 |   0.0 |   832
           D:2 |       0 |      73 |   0.0 |       0 |      22 |   0.0 |   718
           D:3 |       0 |     111 |   0.0 |       0 |      15 |   0.0 |   632
           D:4 |       0 |     287 |   0.0 |       0 |      15 |   0.0 |  1250
           D:5 |       0 |     646 |   0.0 |       0 |      14 |   0.0 |   686
               +---------+---------+-------+---------+---------+-------+---------
